 Dungeon Crawl Stone Soup version 0.29-a0-330-g52719c12eb (webtiles) character file.

Game seed: 17583885636597789183

162717 Charly the Bewitcher (level 17, -6/190 HPs)
             Began as a Vine Stalker Enchanter on May 3, 2022.
             Was a Believer of Uskayaw.
             Mangled by a wolf spider (12 damage)
             ... on level 4 of the Spider Nest.
             The game lasted 02:56:50 (32812 turns).

Charly the Bewitcher (Vine Stalker Enchanter)      Turns: 32812, Time: 02:56:50

Health: -6/190     AC: 28    Str: 12    XL:     17   Next: 81%
Magic:  0/32       EV:  2    Int: 40    God:    Uskayaw [**....]
Gold:   2476       SH: 15    Dex: 16    Spells: 5/36 levels left

rFire   x . .      SeeInvis .   a - +9 dagger of Armageddon {freeze, Int+7}
rCold   . . .      Faith    .   L - +4 kite shield of a wizard's laboratory {+Blink rElec rF- Will+++}
rNeg    . . .      Spirit   +   (body armour currently unavailable)
rPois   +          Reflect  .   (helmet currently unavailable)
rElec   +          Harm     .   (cloak currently unavailable)
rCorr   .          Rampage  .   (gloves currently unavailable)
Will    +++++      NoTele   +   (boots currently unavailable)
Stlth   ..........              z - amulet of Luehuwe {Spirit Slay+2}
HPRegen 1.21/turn               V - +6 ring of intelligence
MPRegen 0.23/turn               S - +6 ring of intelligence

@: berserking, tree-form, very slightly contaminated, hasted and slowed,
studying Conjurations, invisible
A: stationary, stasis, torment immunity, boosted hp, (fangs 3), regeneration 1,
magic shield, (antimagic bite), no potion heal 2
a: Renounce Religion, Evoke Blink, Stomp, Line Pass


You were on level 4 of the Spider Nest.
You worshipped Uskayaw.
Uskayaw was pleased with you.
You were a tree.
You visited 5 branches of the dungeon, and saw 27 of its levels.
You also visited: Ossuary, Gauntlet and Ice Cave.

You collected 4198 gold pieces.
You spent 1722 gold pieces at shops.

Inventory:

Hand Weapons
 a - the +9 dagger of Armageddon (weapon) {freeze, Int+7}
   (You found it on level 2 of the Dungeon)

   It freezes those it strikes, dealing additional cold damage.
   It can also slow down cold-blooded creatures.
   Int:       It affects your intelligence (+7).
 K - a +3 vorpal rapier
Missiles
 A - 10 throwing nets
 Q - 9 curare-tipped darts
Armour
 j - the +0 helmet "Ablirit" {Rampage *Corrode rC+ Stlth+}
   (You found it in a Gauntlet)

   rC:        It protects you from cold.
   *Corrode:  It may corrode you when you take damage.
   Rampage:   It bestows one free step when moving towards enemies.
   Stlth:     It makes you more stealthy.
 y - a +0 pair of gloves (melded)
 J - the +2 helmet of the Many Ultimatums (melded) {rN++ Int+4}
   (You bought it in a shop on level 2 of the Orcish Mines)

   Int:       It affects your intelligence (+4).
   rN:        It greatly protects you from negative energy.
 L - the +4 kite shield of a wizard's laboratory (worn) {+Blink rElec rF- Will+++}
   (You acquired it on level 7 of the Dungeon)

   rF:        It makes you vulnerable to fire.
   rElec:     It insulates you from electricity.
   +Blink:    It lets you blink.
   Will:      It greatly increases your willpower.
 N - a +1 pair of boots of fire resistance (melded)
 R - a +0 cloak (melded)
 T - a +3 ring mail of cold resistance (melded)
Jewellery
 c - the ring "Zeadu" {Ice rN+ Will+ Dex-4 Stlth+}
   (You found it on level 6 of the Dungeon)

   [ring of ice]

   It enhances your ice magic.
   Dex:       It affects your dexterity (-4).
   rF:        It makes you vulnerable to fire.
   rC:        It protects you from cold.
   rN:        It protects you from negative energy.
   Will:      It increases your willpower.
   Stlth:     It makes you more stealthy.
 f - the ring "Depiu" {Fire rElec rCorr Dex+4}
   (You found it on level 8 of the Dungeon)

   [ring of fire]

   It enhances your fire magic.
   Dex:       It affects your dexterity (+4).
   rF:        It protects you from fire.
   rC:        It makes you vulnerable to cold.
   rElec:     It insulates you from electricity.
   rCorr:     It protects you from acid and corrosion.
 p - a ring of poison resistance
 z - the amulet of Luehuwe (around neck) {Spirit Slay+2}
   (You found it in a Gauntlet)

   [amulet of guardian spirit]

   It causes incoming damage to be divided between your reserves of health and
   magic.
   Slay:      It affects your accuracy & damage with ranged weapons and melee
   (+2).
 S - a +6 ring of intelligence (right branch)
 V - a +6 ring of intelligence (left branch)
Wands
 k - a wand of flame (38)
 l - a wand of acid (4)
 m - a wand of polymorph (20)
 o - a wand of charming (2)
 u - a wand of digging (4)
 D - a wand of paralysis (5)
 H - a wand of iceblast (6)
 X - a wand of mindburst (13)
Scrolls
 d - 6 scrolls of enchant weapon
 h - 2 scrolls of amnesia
 i - 12 scrolls of teleportation
 n - 3 scrolls of immolation
 x - 5 scrolls of fog
 B - 5 scrolls of magic mapping
 F - 3 scrolls of silence
 O - 4 scrolls of vulnerability
 W - 2 scrolls of holy word
Potions
 b - 8 potions of brilliance
 e - 7 potions of curing
 g - 4 potions of lignification
 r - 2 potions of flight
 v - 2 potions of attraction
 w - a potion of ambrosia
 C - 4 potions of haste
 I - 5 potions of might
 P - 11 potions of mutation
 U - 3 potions of cancellation
 Y - 2 potions of resistance
Miscellaneous
 q - a box of beasts
 E - a phial of floods
 G - a phantom mirror
 Z - a condenser vane


   Skills:
 - Level 8.0 Fighting
 - Level 8.0 Short Blades
 - Level 7.0 Armour
 - Level 5.0 Dodging
 - Level 13.0 Stealth
 + Level 9.0 Shields
 - Level 10.0 Spellcasting
 - Level 4.0 Conjurations
 * Level 17.2 Hexes
 - Level 4.0 Summonings
 - Level 5.0 Ice Magic
 - Level 12.0 Invocations
 - Level 5.0 Evocations


You had 5 spell levels left.
You knew the following spells:

 Your Spells              Type           Power      Damage    Failure   Level
a - Ozocubu's Armour      Ice            56%        N/A       1%          3
b - Blink                 Tloc           40%        N/A       6%          2
c - Confusing Touch       Hex            100%       N/A       0%          3
d - Ensorcelled Hibernat  Hex/Ice        100%       N/A       1%          2
e - Enfeeble              Hex            51%        N/A       3%          7
g - Summon Guardian Gole  Hex/Summ       81%        N/A       1%          3
t - Tukima's Dance        Hex            100%       N/A       0%          3
y - Yara's Violent Unrav  Hex/Tmut       36%        3d15      3%          5
z - Dazzling Flash        Conj/Hex       100%       N/A       1%          3

Your spell library contained the following spells:

 Spells                   Type           Power      Damage    Failure   Level
 Freeze                   Ice            100%       1d11      1%          1
 Magic Dart               Conj           100%       1d8       1%          1
 Summon Small Mammal      Summ           100%       N/A       1%          1
 Call Imp                 Summ           51%        N/A       1%          2
 Frozen Ramparts          Ice            100%       1d12      1%          3
 Portal Projectile        Hex/Tloc       100%       N/A       1%          3
 Anguish                  Hex/Necr       36%        N/A       1%          4
 Leda's Liquefaction      Hex/Erth       36%        N/A       1%          4
 Static Discharge         Conj/Air       36%        N/A       2%          2
 Call Canine Familiar     Summ           51%        N/A       2%          3
 Apportation              Tloc           40%        N/A       4%          1
 Sandblast                Erth           40%        2d10      4%          1
 Stone Arrow              Conj/Erth      72%        3d11      5%          3
 Passwall                 Tmut/Erth      16%        N/A       6%          2
 Sublimation of Blood     Necr           20%        N/A       6%          2
 Summon Ice Beast         Ice/Summ       54%        N/A       6%          4
 Mephitic Cloud           Conj/Pois/Air  30%        N/A       8%          3
 Gell's Gravitas          Tloc           20%        N/A       12%         3
 Lesser Beckoning         Tloc           20%        N/A       12%         3
 Swiftness                Air            20%        N/A       12%         3
 Teleport Other           Tloc           20%        N/A       12%         3
 Ice Form                 Ice/Tmut       40%        N/A       14%         4
 Animate Dead             Necr           10%        N/A       38%         4
 Dispel Undead            Necr           20%        3d11      38%         4
 Passage of Golubria      Tloc           20%        N/A       38%         4
 Petrify                  Tmut/Erth      20%        N/A       38%         4
 Fireball                 Conj/Fire      18%        3d9       45%         5
 Irradiate                Conj/Tmut      18%        3d19      45%         5
 Lightning Bolt           Conj/Air       18%        1d32      45%         5
 Agony                    Necr           20%        N/A       75%         5
 Alistair's Intoxication  Tmut/Pois      13%        N/A       75%         5
 Borgnjor's Vile Clutch   Necr/Erth      10%        N/A       75%         5
 Simulacrum               Ice/Necr       20%        N/A       92%         6
 Starburst                Conj/Fire      18%        6d7       95%         6
 Death Channel            Necr           10%        N/A       99%         6
 Ozocubu's Refrigeration  Ice            28%        4d10      99%         7
 Haunt                    Necr/Summ      18%        N/A       100%        7
 Borgnjor's Revivificati  Necr           10%        N/A       100%        8
 Ignition                 Fire           10%        3d5       100%        8
 Maxwell's Capacitive Co  Air            10%        ∞         100%        8
 Necromutation            Tmut/Necr      10%        N/A       100%        8
 Death's Door             Necr           10%        N/A       100%        9


Dungeon Overview and Level Annotations

Branches:
Dungeon (14/15)            Temple (1/1) D:6            Lair (6/6) D:10
 Shoals (0/4) Lair:2       Spider (4/4) Lair:3        Slime (0/5) Lair:5
    Orc (2/2) D:10            Elf (0/3) Orc:2        Vaults (0/5) D:13
Ossuary (visited)           IceCv (visited)         Gauntlet (visited)

Altars:
Cheibriados
Dithmenos
Fedhas
Gozag
Hepliaklqana
Makhleb
Nemelex Xobeh
Okawaru
Qazlal
Ru
Sif Muna
Uskayaw
Vehumet
Wu Jian
Xom
Yredelemnul
Zin
Beogh
Jiyva

Shops:
D:4 *   D:8 *   Orc:2 *(?[

Portals:
Abyss: Orc:1

Annotations:
Orc:1 2 transporters, SlaveLabor's ghost, journeyman MiBe


Innate Abilities, Weirdness & Mutations

You are a tree.
Your roots penetrate the ground, keeping you stationary.
You cannot be teleported.
You are immune to unholy pain and torment.
Your maximum health is greatly increased.
Your equipment is partially melded.
((You have razor-sharp teeth.))
Your natural rate of healing is unusually fast.
When hurt, damage is shared between your health and your magic reserves.
((Your bite disrupts and absorbs the magic of your enemies.))
Potions cannot restore your health.


Message History

You hear an angry hiss. x2
You block the jumping spider's attack.
The jumping spider bites you but does no damage.
You block the culicivora's attack.
The wolf spider hits you but does no damage.
The wolf spider bites you but does no damage.
You puncture the wolf spider! You freeze the wolf spider.
The wolf spider is moderately wounded.
The wolf spider hisses angrily.
The jumping spider pounces on you!
* * * LOW HITPOINT WARNING * * *
You block the jumping spider's attack. The wolf spider hits you!
* * * LOW HITPOINT WARNING * * *
The wolf spider bites you but does no damage.
You hit the wolf spider. You freeze the wolf spider.
The wolf spider is heavily wounded.
The jumping spider pounces on you but does no damage.
You block the jumping spider's attack.
The culicivora bites you but does no damage.
The wolf spider hits you but does no damage.
The wolf spider bites you but does no damage.
The jumping spider pounces on you!
* * * LOW HITPOINT WARNING * * *
You are caught in a web!
The jumping spider bites you but does no damage.
The culicivora bites you.
* * * LOW HITPOINT WARNING * * *
The culicivora draws strength from your injuries!
The web tears apart.
The wolf spider hisses angrily.
The wolf spider hits you but does no damage.
The wolf spider barely misses you.
The culicivora bites you but does no damage.
The wolf spider hisses angrily.
You puncture the wolf spider! You freeze the wolf spider.
The wolf spider is almost dead.
The wolf spider hits you but does no damage.
The wolf spider bites you but does no damage.
The wolf spider hits you!
You die...

.#^...^ #.#........###
.^....≈ #......#..#..#
.......###^...^)...#^.#
....^)..^..)..#.###.###
#....s.°.....#......^^###
^#......##.#.^.......#.^#
#..#..#......#....#.#^.####
...##^..#s.s.......#..#...#
#........##♣#.^#.........##
...#..#...ss.[.#.....#<###
.. #.....^s.#...^..#..##
#...#.s.#.#^#..#..#...#
.s.#..#..#.#..#..<......#
.#...#........^#...#^...#
.#.s.^..#^#..^.#.#....^# ^
...#.#..#....^^....^###
#......#...#..#.#....#


You could see a demonic crawler, 2 wolf spiders, 2 culicivoras, 2 jumping
spiders and a redback (can't see you).

Vanquished Creatures
  Arachne (Spider:3)
  Donald (Orc:2)
  3 emperor scorpions
  An orc warlord (Orc:2)
  A ghost moth (Spider:2)
  A broodmother (Spider:3)
  A minotaur (Gauntlet)
  3 entropy weavers
  2 spark wasps
  Josephine (D:13)
  A fire dragon (Lair:6)
  5 hydras
  Erolcha (Orc:1)
  A vault guard (D:13)
  11 boulder beetles
  2 jorogumos
  2 catoblepae
  3 radroaches
  A death knight (D:14)
  2 two-headed ogres (D:13)
  5 centaur warriors
  10 death yaks
  Urug (D:13)
  The ghost of Fod Zemyr the Summoner, a journeyman FeSu of Gozag (Lair:6)
  An orc high priest (Orc:2)
  Sonja (D:10)
  2 sun moths (Spider:1)
  3 skeletal warriors (D:14)
  6 pharaoh ants
  A fire crab (Lair:6)
  3 steelbarb worms
  A lindwurm (Lair:6)
  9 orb spiders
  A deep elf pyromancer (D:14)
  Pikel (D:6)
  2 necromancers (D:13)
  The ghost of p0werm0de the Skirmisher, a novice VSFi of Okawaru (D:8)
  4 manticores
  8 ugly things
  7 cyclopes
  An orc sorcerer (Orc:1)
  A guardian serpent (Lair:6)
  8 wolf spiders
  15 elephants
  A moth of wrath (Spider:3)
  Joseph (D:10)
  2 merfolk sirens (Lair:2)
  An ice statue (IceCv)
  9 torpor snails
  11 black mambas
  2 rime drakes
  17 cane toads
  An unseen horror (D:12)
  2 gargoyles
  19 komodo dragons
  18 demonic crawlers
  4 freezing wraiths
  A kobold demonologist (D:10)
  Psyche (D:10)
  3 entropy weaver simulacra (IceCv)
  An anaconda simulacrum (IceCv)
  12 ice devils
  5 trolls
  Prince Ribbit (D:6)
  A polar bear (shapeshifter) (D:9)
  A queen bee (Gauntlet)
  18 tarantellas
  8 tyrant leeches
  11 hornets
  9 slime creatures (D:12)
  12 blink frogs
  18 dream sheep
  18 jumping spiders
  Sigmund (D:6)
  2 dire elephant simulacra (IceCv)
  13 culicivoras
  16 wyverns
  19 humans (D:13)
  25 yaks
  2 basilisks
  24 redbacks
  8 wraiths
  A steam dragon (D:8)
  6 vampire mosquitoes
  4 death yak simulacra (IceCv)
  Menkaure (D:4)
  3 harpy simulacra (IceCv)
  3 acid dragons
  22 water moccasins
  3 black bears
  4 ice beasts
  36 orc warriors
  7 ogres
  4 boggarts (D:14)
  7 centaurs
  10 wolves
  A lemure (D:6)
  A phantom (D:4)
  3 elf zombies (Ossuary)
  13 bullfrogs
  A kobold brigand (D:9)
  A two-headed ogre simulacrum (IceCv)
  7 gnoll sergeants
  2 scorpions
  A necrophage (D:2)
  5 cane toad simulacra (IceCv)
  5 wights (D:7)
  6 killer bees (Gauntlet)
  3 elephant simulacra (IceCv)
  4 howler monkeys
  3 human zombies (Ossuary)
  3 centaur zombies (Ossuary)
  2 jellies
  8 hounds
  17 orc priests
  5 gnoll shamans
  An iguana (D:5)
  6 hell rats (Lair:5)
  23 orc wizards
  6 polar bear simulacra (IceCv)
  A spriggan simulacrum (IceCv)
  2 wolf simulacra (IceCv)
  3 mummies (Ossuary)
  Robin (D:3)
  41 gnolls
  8 adders
  2 naga simulacra (IceCv)
  2 shadow imps
  7 white imps
  2 ufetubi
  6 adder zombies (Ossuary)
  A worm (D:3)
  2 dart slugs (D:1)
  88 orcs
  10 endoplasms
  4 giant cockroaches
  15 goblins
  9 hobgoblins
  7 jackals
  12 kobolds
  3 quokkas
  8 ball pythons
  4 bats
  8 frilled lizards
  2 goblin zombies
  6 hobgoblin zombies (Ossuary)
  2 jackal zombies (Ossuary)
  2 orc zombies (Ossuary)
  2 quokka zombies (Ossuary)
  6 rats
  7 rat zombies
  A spectral orc (D:3)
967 creatures vanquished.

Vanquished Creatures (collateral kills)
  A hydra (Lair:6)
  A centaur warrior (D:13)
  A death yak (Lair:6)
  A pharaoh ant (Spider:1)
  2 necromancers
  An obsidian statue (Gauntlet)
  2 orc knights
  An ugly thing (D:13)
  A manticore (D:13)
  2 merfolk sirens (Lair:2)
  Maggie (D:6)
  A jumping spider (Spider:1)
  A human (D:13)
  3 orc warriors
  2 ogres (Orc:2)
  2 centaurs (D:13)
  A bullfrog (D:6)
  2 orc priests (Orc:2)
  2 orc wizards (Orc:2)
  4 gnolls
  3 orcs
35 creatures vanquished.

Vanquished Creatures (others)
  A two-headed ogre (D:9)
  6 hydras
  A tarantella (Spider:3)
  3 yaks
  8 dancing weapons
  An orc wizard (Orc:1)
  3 gnolls
  19 demonic plants (Gauntlet)
  44 fungi
  124 plants
  3 withered plants (Gauntlet)
213 creatures vanquished.

Grand Total: 1215 creatures vanquished

Notes
Turn   | Place    | Note
-------+----------+-------------------------------------------
     0 | D:1      | Charly the Vine Stalker Enchanter began the quest for the
                  | Orb.
     0 | D:1      | Reached XP level 1. HP: 9/9 MP: 4/4
   246 | D:1      | Reached skill level 1 in Fighting
   322 | D:1      | Reached XP level 2. HP: 11/14 MP: 6/6
   696 | D:1      | Learned a level 2 spell: Ensorcelled Hibernation
  1161 | D:1      | Found a faded altar of an unknown god.
  1170 | D:1      | Reached XP level 3. HP: 18/18 MP: 2/7
  1705 | D:1      | Found a faded altar of an unknown god.
  2028 | D:1      | Found a faded altar of an unknown god.
  2497 | D:2      | Identified the +9 dagger of Armageddon {freeze, Int+7}
  2657 | D:2      | Noticed a necrophage
  2707 | D:2      | Gained mutation: Your natural rate of healing is unusually
                  | fast. [Vine Stalker growth]
  2707 | D:2      | Reached XP level 4. HP: 23/23 MP: 8/8
  2760 | D:2      | Reached skill level 1 in Ice Magic
  3040 | D:3      | Learned a level 3 spell: Confusing Touch
  3136 | D:3      | Reached XP level 5. HP: 28/28 MP: 9/9
  3518 | D:3      | Found a hazy altar of Hepliaklqana.
  3567 | D:3      | Noticed Robin
  3579 | D:3      | Killed Robin
  3596 | D:3      | Reached skill level 5 in Stealth
  3602 | D:3      | Reached skill level 4 in Hexes
  3608 | D:3      | Reached XP level 6. HP: 27/32 MP: 5/10
  4035 | D:4      | Learned a level 3 spell: Tukima's Dance
  4035 | D:4      | Found Pysocil's General Store.
  4044 | D:4      | Bought a scroll of blinking for 75 gold pieces
  4144 | D:3      | Reached skill level 1 in Short Blades
  4201 | D:4      | Identified the +1 robe of the Falcon {Stlth+}
  4275 | D:4      | Reached XP level 7. HP: 36/36 MP: 11/11
  4290 | D:4      | Found a sacrificial altar of Ru.
  4302 | D:4      | Reached skill level 5 in Hexes
  4363 | D:4      | Found a stormy altar of Qazlal.
  4601 | D:4      | Bought a scroll of summoning for 95 gold pieces
  4616 | D:5      | Entered Level 5 of the Dungeon
  4771 | D:4      | Found an iron altar of Okawaru.
  4771 | D:4      | Found a glowing silver altar of Zin.
  5150 | D:5      | Noticed Menkaure
  5220 | D:4      | Killed Menkaure
  5221 | D:4      | Gained mutation: You have razor-sharp teeth. [Vine Stalker
                  | growth]
  5221 | D:4      | Reached XP level 8. HP: 34/40 MP: 8/13
  5296 | D:5      | Reached skill level 6 in Hexes
  5778 | D:5      | Learned a level 3 spell: Dazzling Flash
  5782 | D:5      | Learned a level 3 spell: Summon Guardian Golem
  5870 | D:5      | Reached skill level 7 in Hexes
  5981 | D:5      | Reached skill level 1 in Summonings
  6051 | D:5      | Reached XP level 9. HP: 44/44 MP: 16/16
  6620 | D:6      | Identified the ring "Zeadu" {Ice rN+ Will+ Dex-4 Stlth+}
  6678 | D:6      | Found a shimmering altar of Xom.
  6678 | D:6      | Found a shimmering altar of Xom.
  6678 | D:6      | Found a shimmering altar of Xom.
  6679 | D:6      | Found a shimmering altar of Xom.
  6759 | D:6      | Noticed Sigmund
  6767 | D:6      | Killed Sigmund
  6768 | D:6      | Reached skill level 8 in Hexes
  6799 | D:6      | Found a staircase to the Ecumenical Temple.
  6814 | D:6      | Reached skill level 5 in Spellcasting
  6848 | D:6      | Noticed Maggie
  6851 | D:6      | Noticed Pikel
  6855 | Temple   | Entered the Ecumenical Temple
  6896 | Temple   | Became a worshipper of Uskayaw the Reveller
  6918 | D:6      | Killed Pikel
  6918 | D:6      | Reached * piety under Uskayaw
  6919 | D:6      | Reached skill level 9 in Hexes
  6938 | D:6      | Killed Maggie
  6939 | D:6      | Reached XP level 10. HP: 49/49 MP: 15/18
  7144 | D:6      | Noticed Prince Ribbit
  7153 | D:6      | Reached ** piety under Uskayaw
  7154 | D:6      | Killed Prince Ribbit
  7312 | D:7      | Reached *** piety under Uskayaw
  7316 | D:7      | Reached **** piety under Uskayaw
  7346 | D:7      | Identified 2 scrolls of acquirement
  7360 | D:7      | Acquired the +4 kite shield of a wizard's laboratory
                  | {+Blink rElec rF- Will+++}
  7362 | D:7      | Acquired 920 gold pieces
  7430 | D:4      | Bought a ring of poison resistance for 200 gold pieces
  7756 | D:7      | Found a shimmering blue altar of Sif Muna.
  7897 | D:7      | Noticed a six-headed hydra
  7938 | D:7      | Killed a six-headed hydra
  7939 | D:7      | Reached skill level 1 in Armour
  7939 | D:7      | Reached skill level 1 in Conjurations
  7939 | D:7      | Reached skill level 1 in Invocations
  8026 | D:8      | Found a runed translucent gate.
  8026 | D:8      | Found a runed translucent gate.
  8026 | D:8      | Found a runed translucent gate.
  8122 | D:8      | Reached skill level 10 in Hexes
  8138 | D:8      | Found a sand-covered staircase.
  8147 | Ossuary  | Entered an ossuary
  8171 | Ossuary  | Reached skill level 1 in Evocations
  8291 | Ossuary  | Reached skill level 10 in Stealth
  8615 | D:8      | Found Buhil's Fire Supplies.
  8628 | D:8      | Bought a +0 pair of boots of fire resistance for 138 gold
                  | pieces
  8628 | D:8      | Bought a scroll of immolation for 42 gold pieces
  8809 | D:8      | Noticed p0werm0de's ghost (novice VSFi)
  9139 | D:8      | Killed p0werm0de's ghost
  9157 | D:8      | Reached ***** piety under Uskayaw
  9171 | D:8      | Reached XP level 11. HP: 47/53 MP: 19/19
  9196 | D:8      | Got the ring "Depiu" {Fire rElec rCorr Dex+4}
  9250 | D:9      | Noticed a two-headed ogre
  9260 | D:9      | Killed a two-headed ogre
  9261 | D:9      | Reached skill level 5 in Short Blades
  9520 | D:9      | Found a radiant altar of Vehumet.
  9883 | D:9      | Found a basalt altar of Yredelemnul.
  9885 | D:9      | Found a snail-covered altar of Cheibriados.
 10104 | D:10     | Entered Level 10 of the Dungeon
 10108 | D:10     | Noticed Sonja
 10109 | D:10     | Found a staircase to the Lair.
 10325 | D:10     | Killed Sonja
 10476 | D:10     | Found an ornate altar of the Wu Jian Council.
 10502 | D:10     | Noticed Psyche
 10502 | D:10     | Noticed Joseph
 10637 | D:10     | Found an opulent altar of Gozag.
 10703 | D:10     | Reached skill level 5 in Fighting
 10832 | D:10     | Noticed a boulder beetle
 10837 | D:10     | Killed a boulder beetle
 11069 | D:10     | Killed Joseph
 11260 | D:10     | Found a staircase to the Orcish Mines.
 11559 | D:10     | Found an ornate altar of the Wu Jian Council.
 11575 | D:10     | Found an opulent altar of Gozag.
 11776 | D:10     | Found a staircase to the Lair.
 11805 | D:10     | Found a staircase to the Orcish Mines.
 11948 | D:10     | Killed Psyche
 11949 | D:10     | Reached skill level 5 in Invocations
 12250 | D:11     | Found a stormy altar of Qazlal.
 12259 | D:11     | Noticed a manticore
 12272 | D:11     | Killed a manticore
 12305 | D:11     | Noticed a boulder beetle
 12344 | D:11     | Killed a boulder beetle
 12345 | D:11     | Reached skill level 5 in Evocations
 12393 | D:11     | Noticed a cyclops
 12437 | D:11     | Noticed a boulder beetle
 12473 | D:11     | Killed a boulder beetle
 12474 | D:11     | Reached XP level 12. HP: 60/60 MP: 17/20
 13108 | Lair:1   | Entered Level 1 of the Lair of Beasts
 13408 | Lair:1   | Learned a level 3 spell: Ozocubu's Armour
 13835 | Lair:2   | Noticed a four-headed hydra
 13837 | Lair:2   | Killed a four-headed hydra
 13959 | Lair:2   | Noticed a death yak
 13988 | Lair:2   | Noticed an eight-headed hydra
 14073 | Lair:2   | Noticed an eight-headed hydra
 14094 | Lair:2   | Killed an eight-headed hydra
 14151 | Lair:2   | Killed a death yak
 14387 | Lair:2   | Killed an eight-headed hydra
 14556 | Lair:2   | Noticed a seven-headed hydra
 14569 | Lair:2   | Killed a seven-headed hydra
 14692 | Lair:2   | Found a staircase to the Shoals.
 14815 | Lair:2   | Reached skill level 5 in Ice Magic
 15290 | Lair:3   | Reached XP level 13. HP: 28/67 MP: 12/21
 15397 | Lair:3   | Found a hole to the Spider Nest.
 16095 | Lair:3   | Found the +5 scythe "Finisher" {speed, eviscerate}
 16228 | Lair:4   | Reached skill level 1 in Shields
 16397 | Lair:4   | Found a gate leading to a gauntlet.
 16425 | Gauntlet | Entered a Gauntlet
 16425 | Gauntlet | Found a transporter.
 16454 | Gauntlet | Found a transporter.
 16469 | Gauntlet | Found a transporter.
 16474 | Gauntlet | Found a transporter.
 16474 | Gauntlet | Noticed a quicksilver ooze
 16489 | Gauntlet | Found a transporter.
 16508 | Gauntlet | Found a transporter.
 16520 | Gauntlet | Found a transporter.
 16522 | Gauntlet | Noticed a great orb of eyes
 16532 | Gauntlet | Found a transporter.
 16544 | Gauntlet | Found a transporter.
 16550 | Gauntlet | Found a transporter.
 16550 | Gauntlet | Found a transporter.
 16565 | Gauntlet | Found a transporter.
 16584 | Gauntlet | Found a transporter.
 16601 | Gauntlet | Found a transporter.
 16627 | Gauntlet | Found a transporter.
 16629 | Gauntlet | Found a transporter.
 16649 | Gauntlet | Found a transporter.
 16727 | Gauntlet | Found a transporter.
 16873 | Gauntlet | Identified the amulet of Luehuwe {Spirit Slay+2}
 16962 | Gauntlet | Identified the +4 chain mail of Eliboz {+Inv rF+++ Str-5
                  | SInv}
 17008 | Gauntlet | Identified the +0 helmet "Ablirit" {Rampage *Corrode rC+
                  | Stlth+}
 17208 | Gauntlet | Noticed a minotaur
 17217 | Gauntlet | Killed a minotaur
 17909 | Lair:4   | Got Lanofev's Early Guide to Thaumaturgy
 18307 | Lair:5   | Found a viscous altar of Jiyva.
 18307 | Lair:5   | Found a staircase to the Slime Pits.
 18316 | Lair:5   | Reached XP level 14. HP: 73/73 MP: 24/24
 18478 | Lair:5   | Learned a level 2 spell: Blink
 18662 | Lair:5   | Reached skill level 5 in Dodging
 18776 | Lair:5   | You fall into a shaft and drop 1 floor!
 18776 | Lair:6   | Entered Level 6 of the Lair of Beasts
 18846 | Lair:6   | Reached skill level 10 in Invocations
 19053 | Lair:6   | Reached skill level 5 in Shields
 19865 | Lair:6   | Found a runed translucent door.
 19865 | Lair:6   | Noticed Fod Zemyr's ghost (journeyman FeSu)
 19874 | Lair:6   | Killed Fod Zemyr's ghost
 19980 | Lair:6   | Paralysed by a hornet for 3 turns
 20138 | Lair:6   | Reached skill level 11 in Hexes
 20369 | Lair:6   | Reached XP level 15. HP: 77/77 MP: 20/25
 20569 | Lair:6   | Found a runed translucent door.
 20652 | Lair:6   | Paralysed by a hornet for 3 turns
 20803 | Lair:6   | Reached skill level 12 in Hexes
 21853 | Lair:6   | Learned a level 7 spell: Enfeeble
 22110 | D:13     | Noticed Urug
 22139 | D:13     | Killed Urug
 22353 | D:12     | Reached ****** piety under Uskayaw
 22397 | D:12     | Found a frozen archway.
 22435 | IceCv    | Entered an ice cave
 22833 | IceCv    | Reached skill level 13 in Hexes
 22852 | IceCv    | Found an ancient bone altar of Kikubaaqudgha.
 22862 | IceCv    | Reached skill level 5 in Armour
 23362 | IceCv    | Got the Volume of Cold and Sinister Magic
 23997 | D:13     | Noticed Josephine
 24011 | D:13     | Killed Josephine
 24012 | D:13     | Reached XP level 16. HP: 71/81 MP: 28/28
 24617 | D:13     | Found a gate to the Vaults.
 24918 | D:14     | Reached skill level 14 in Hexes
 24931 | D:14     | Got the Papyrus of Stolen Souls
 25213 | D:14     | Got the Catalogue of Unholy Arts
 25632 | Orc:1    | Entered Level 1 of the Orcish Mines
 25711 | Orc:1    | Found a one-way gate to the infinite horrors of the Abyss.
 25711 | Orc:1    | Noticed SlaveLabor's ghost (journeyman MiBe)
 25733 | Orc:1    | Found a transporter.
 25844 | Orc:1    | Found a transporter.
 25882 | Orc:1    | Noticed Erolcha
 25897 | Orc:1    | Killed Erolcha
 26510 | Orc:2    | Entered Level 2 of the Orcish Mines
 26510 | Orc:2    | Found a staircase to the Elven Halls.
 26594 | Orc:2    | Found Rulufir's Magic Scroll Emporium.
 26608 | Orc:2    | Bought a scroll of fear for 56 gold pieces
 26608 | Orc:2    | Bought a scroll of fog for 32 gold pieces
 26608 | Orc:2    | Bought a scroll of fog for 32 gold pieces
 26608 | Orc:2    | Bought a scroll of teleportation for 48 gold pieces
 26810 | Orc:2    | Noticed Donald
 26843 | Orc:2    | Killed Donald
 26872 | Orc:2    | Found Xareim's Antique Weapon Emporium.
 26877 | Orc:2    | Found Ibbobano's Antique Armour Shoppe.
 27090 | Orc:2    | Found Gucuj's Assorted Antiques.
 27125 | Orc:2    | Bought a scroll of fog for 60 gold pieces
 27125 | Orc:2    | Bought a scroll of vulnerability for 225 gold pieces
 27607 | Orc:2    | Bought a faintly glowing helmet for 209 gold pieces
 27607 | Orc:2    | Identified the +2 helmet of the Many Ultimatums {rN++
                  | Int+4} (You bought it in a shop on level 2 of the Orcish
                  | Mines)
 27656 | Orc:2    | Bought a runed rapier for 210 gold pieces
 27659 | Orc:2    | Bought a potion of might for 120 gold pieces
 27659 | Orc:2    | Bought a potion of might for 120 gold pieces
 27659 | Orc:2    | Bought a wand of paralysis (3) for 60 gold pieces
 27778 | Spider:1 | Entered Level 1 of the Spider Nest
 28103 | Spider:1 | Reached skill level 15 in Hexes
 28370 | Spider:1 | Paralysed by a jorogumo for 3 turns
 28675 | Spider:1 | Reached XP level 17. HP: 85/85 MP: 31/31
 30612 | Spider:2 | Reached skill level 16 in Hexes
 30873 | Spider:3 | Noticed Arachne
 30952 | Spider:3 | Killed Arachne
 30953 | Spider:3 | Reached skill level 10 in Spellcasting
 32114 | Spider:3 | Reached skill level 17 in Hexes
 32702 | Spider:3 | Learned a level 5 spell: Yara's Violent Unravelling
 32738 | Spider:4 | Entered Level 4 of the Spider Nest
 32810 | Spider:4 | HP: 5/190 [jumping spider (8)]
 32812 | Spider:4 | Mangled by a wolf spider

Illustrated notes

Levels and vault maps discovered:
D:1:      beargit_arrival_greenhouse, layout_loops_ring,
          chequers_ecumenical_altar_simple_redux, minmay_split_cup_large
D:2:      layout_basic, minmay_diced_spiral
D:3:      layout_basic, nicolae_hepliaklqana_monster_ancestors, uniq_robin
D:4:      layout_loops_ring, mainiacjoe_overflow_catch_the_wave,
          gammafunk_temple_overflow_wave, serial_shops,
          nicolae_shop_hallway_stairs
D:5:      layout_cave_pools, serial_gnoll_camp, gnoll_camp_mini_loothouse,
          gnoll_camp_mini_sergeant, gnoll_camp_huts_moat, gnoll_camp_mini_hut,
          gnoll_camp_medium_02, uniq_menkaure
D:6:      layout_rooms, xom_redecorated, temple_statues, hex_intersection,
          uniq_pikel, uniq_prince_ribbit1, uniq_sigmund, uniq_maggie
D:7:      layout_cave_pools, mainiacjoe_overflow_alcove_4
D:8:      layout_basic, gammafunk_ghost_icy, enter_ossuary_4,
          nicolae_shop_fire_sale [nicolae_sub_dead_trees]
D:9:      layout_irregular_city, vehumet_altar_wand_db,
          gammafunk_temple_overflow_pools, minmay_misc_feat_iff
D:10:     layout_loops_ring, nicolae_wu_jian_wuxing_cycle,
          nicolae_gozag_cash_rules_everything_around_me, lair_entry_dummy,
          orc_0_dummy, uniq_psyche, uniq_sonja, uniq_joseph
D:11:     layout_cave_pods, nicolae_qazlal_scattered_showers
D:12:     layout_rooms, portal_ice_cave_demonic_guard
D:13:     layout_loops_ring, grunt_vaults_entry_tiered, special_room
          [special_room_orc], minmay_fractal_squares_diagonal_5, uniq_urug,
          uniq_josephine
D:14:     layout_roguey
Temple:   compressed_dpeg_circular_temple
Lair:1:   layout_gridlike, infiniplex_staircase_pool_2
Lair:2:   layout_loops_ring, elwin_shoals_entry_stream, minmay_shattered_shrine
Lair:3:   layout_loops_ring, spider_nest_entry_web_field
Lair:4:   layout_cave_pods, gauntlet_entry_generic, grunt_megastairs_3
Lair:5:   layout_regular_city, dpeg_slime_entry_enclosed_altar,
          beast_lair_carwin_6, infiniplex_staircase_pool
Lair:6:   wormcave, layout_gridlike, hangedman_lair_tendril_chambers,
          ebering_ghost_inner_flame, lemuel_another_geyser
Spider:1: layout_chambers, worms_lemuel
Spider:2: layout_spider_delve, einodemon_crawler_minivault
Spider:3: layout_cave_pods, hangedman_stitches_earthworm, uniq_arachne
Spider:4: grunt_spider_rune_parallel, uniq_asterion
Orc:1:    layout_caves, gammafunk_ghost_abyssal_escape,
          statue_in_the_mist_lemuel, uniq_erolcha
Orc:2:    grunt_orc_community_town_hall, layout_caves,
          grunt_orc_community_big_house_2, grunt_orc_community_big_house_1,
          grunt_orc_community_house_1, grunt_orc_community_house_1,
          grunt_orc_community_house_1, grunt_orc_community_house_3,
          grunt_orc_community_house_3, uniq_donald

Skill      XL: |  1  2  3  4  5  6  7  8  9 10 11 12 13 14 15 16 17 |
---------------+----------------------------------------------------+-----
Fighting       | 1 2 3 4 5 7 8 |  8.0
Stealth        | 4 5 6 7 9 10 12 13 | 13.0
Ice Magic      | 1 2 3 5 |  5.0
Hexes          | 4 5 7 9 10 11 13 15 17 | 17.2
Short Blades   | 1 2 3 4 6 7 8 |  8.0
Spellcasting   | 3 4 5 6 7 9 10 | 10.0
Summonings     | 1 3 4 |  4.0
Armour         | 2 3 5 6 7 |  7.0
Dodging        | 2 4 5 |  5.0
Conjurations   | 2 3 4 |  4.0
Invocations    | 2 6 8 9 11 12 | 12.0
Evocations     | 2 5 |  5.0
Shields        | 2 5 6 8 9 |  9.0

Action                   |  1- 3 |  4- 6 |  7- 9 | 10-12 | 13-15 | 16-18 || total
-------------------------+-------+-------+-------+-------+-------+-------++-------
Melee: Dagger            |    51 |    91 |   227 |   393 |   802 |  1003 ||  2567
       Bite              |     8 |    18 |    47 |   153 |   313 |   409 ||   948
       Short sword       |     7 |       |       |       |       |       ||     7
       Punch             |       |       |       |     6 |       |       ||     6
Throw: Dart              |    17 |       |       |     5 |     8 |     7 ||    37
       Boomerang         |     4 |       |       |       |       |       ||     4
       Throwing net      |       |       |       |     1 |     2 |     9 ||    12
 Cast: Ensorcelled Hiber |    13 |     6 |    23 |    12 |    25 |       ||    79
       Confusing Touch   |       |     1 |     1 |    19 |    68 |    75 ||   164
       Tukima's Dance    |       |       |    15 |    23 |     4 |    16 ||    58
       Summon Guardian G |       |       |     1 |    23 |    15 |       ||    39
       Dazzling Flash    |       |       |       |     9 |    39 |    37 ||    85
       Ozocubu's Armour  |       |       |       |     1 |       |     1 ||     2
       Enfeeble          |       |       |       |       |       |    26 ||    26
       Blink             |       |       |       |       |       |     3 ||     3
Invok: Line Pass         |       |       |       |       |    13 |     8 ||    21
       Stomp             |       |       |       |       |     6 |     1 ||     7
Evoke: Wand              |       |       |       |    11 |    54 |    15 ||    80
       Box of beasts     |       |       |       |     1 |     3 |     3 ||     7
       Condenser vane    |       |       |       |       |     4 |     2 ||     6
       Phantom mirror    |       |       |       |       |       |     1 ||     1
  Use: Scroll            |     5 |     1 |     2 |    13 |    30 |    10 ||    61
       Potion            |       |     1 |       |     1 |    14 |     7 ||    23
 Stab: Sleeping          |    15 |    10 |    22 |    28 |    48 |    44 ||   167
       Confused          |       |     1 |       |    13 |    65 |    52 ||   131
       Distracted        |       |       |     1 |     2 |     5 |     2 ||    10
       Paralysed         |       |       |       |    17 |    44 |    76 ||   137
       Invisible         |       |       |       |     9 |    28 |    47 ||    84
       Held in net/web   |       |       |       |     2 |     2 |     4 ||     8
       Petrified         |       |       |       |       |     1 |       ||     1
Armor: Robe              |     7 |     7 |    33 |     2 |       |       ||    49
       Acid dragon scale |       |       |       |   110 |    32 |       ||   142
       Ring mail         |       |       |       |       |   193 |   330 ||   523
       Skin              |       |       |       |       |    21 |    25 ||    46
Dodge: Dodged            |    34 |    38 |   141 |   193 |   250 |   351 ||  1007
Block: Kite shield       |       |       |       |       |   400 |   679 ||  1079

Table legend: (Time is in decaauts)
 A = Elapsed time spent in this place.
 B = Non-inter-level travel time spent in this place.
 C = Inter-level travel time spent in this place.
 D = Time resting spent in this place.
 E = Time spent auto-exploring this place.
 F = Levels seen in this place.
 G = Mean time per level.
                   A        B        C        D        E       F      G
               +--------+--------+--------+--------+--------+-----+--------+
         Total |  32325 |  30734 |   1591 |   2008 |  19278 |  30 | 1077.5 |
       Dungeon |  15115 |  14158 |    957 |    971 |   9192 |  14 | 1079.6 |
        Temple |     56 |     56 |      0 |      0 |     31 |   1 |   56.0 |
          Lair |   7905 |   7572 |    333 |    515 |   4714 |   6 | 1317.5 |
   Spider Nest |   4913 |   4791 |    122 |    144 |   3131 |   4 | 1228.2 |
  Orcish Mines |   2027 |   1850 |    177 |      0 |   1282 |   2 | 1013.5 |
       Ossuary |    296 |    296 |      0 |      0 |    154 |   1 |  296.0 |
      Ice Cave |   1098 |   1098 |      0 |    273 |    357 |   1 | 1098.0 |
      Gauntlet |    912 |    912 |      0 |    105 |    416 |   1 |  912.0 |
               +--------+--------+--------+--------+--------+-----+--------+

Top non-repeatable levels by time:
  Lair:6: 2525 daAuts
     D:1: 2485 daAuts
Spider:1: 1931 daAuts
    D:10: 1929 daAuts
Spider:3: 1826 daAuts
     D:5: 1404 daAuts
  Lair:2: 1350 daAuts
  Lair:4: 1215 daAuts
   Orc:2: 1160 daAuts
     D:4: 1151 daAuts
   IceCv: 1098 daAuts
Spider:2: 1086 daAuts
  Lair:5: 1071 daAuts
     D:9: 1042 daAuts
    D:13: 1000 daAuts
